 Dungeon Crawl Stone Soup version 0.29.0-15-g675c0067aa (webtiles) character file.

Game seed: 17190365428344876449

128 gelatine the Stinger (level 4, -6/30 HPs)
             Began as a Demonspawn Venom Mage on Sept 12, 2022.
             Killed by divine providence
             ... invoked by an orc priest
              (15 damage)
             ... on level 3 of the Dungeon.
             The game lasted 00:05:34 (2900 turns).

gelatine the Stinger (Demonspawn Venom Mage)        Turns: 2900, Time: 00:05:36

Health: -6/30      AC:  2    Str:  8    XL:     4   Next: 86%
Magic:  0/9        EV: 12    Int: 19    God:
Gold:   192        SH:  0    Dex: 13    Spells: 6/9 levels left

rFire   . . .      SeeInvis .   (no weapon)
rCold   . . .      Faith    .   (no shield)
rNeg    + . .      Spirit   .   a - +0 robe
rPois   .          Reflect  .   (no helmet)
rElec   .          Harm     .   (no cloak)
rCorr   .          Rampage  .   (no gloves)
Will    .....                   (no boots)
Stlth   ++........              (no amulet)
HPRegen 0.10/turn               g - ring of positive energy
MPRegen 0.11/turn               (no ring)

@: no status effects
A: claws 2, foul stench 1
a: no special abilities


You were on level 3 of the Dungeon.
You visited 1 branch of the dungeon, and saw 3 of its levels.

You collected 192 gold pieces.

Inventory:

Missiles
 j - 3 silver boomerangs
Armour
 a - a +0 robe (worn)
 i - a +0 pair of boots
Jewellery
 g - a ring of positive energy (left claw)
Scrolls
 c - a scroll of noise {unknown}
 d - 3 scrolls of poison {unknown}
 e - a scroll of blinking {unknown}
 h - 2 scrolls of teleportation {unknown}
Potions
 b - a potion of magic
 f - a potion of haste {unknown}


   Skills:
 + Level 2.0 Dodging
 + Level 2.2 Stealth
 + Level 3.4 Spellcasting
 + Level 1.8 Transmutations
 + Level 3.7 Poison Magic


You had 6 spell levels left.
You knew the following spells:

 Your Spells              Type           Power      Damage    Failure   Level
a - Sting                 Tmut/Pois      52%        1d5       4%          1
b - Poisonous Vapours     Pois/Air       20%        N/A       11%         2

Your spell library contained the following spells:

 Spells                   Type           Power      Damage    Failure   Level
 Mephitic Cloud           Conj/Pois/Air  8%         N/A       26%         3
 Olgreb's Toxic Radiance  Pois           17%        N/A       30%         4


Dungeon Overview and Level Annotations

Branches:
Dungeon (3/15)

Altars:
Ashenzari
Fedhas
Nemelex Xobeh
Uskayaw

Shops:
D:3 *


Innate Abilities, Weirdness & Mutations

You have very sharp fingernails.
You may rarely emit foul miasma when damaged in melee.


Message History

Things that are here:
a +0 club; a +0 ring mail An orc priest comes into view.
It is wielding a +0 club.
An orc wizard and an orc come into view.
The orc wizard shouts!
Items here: ))) [ ††.
Casting: Sting (safe; 4% risk of failure)
Confirm with . or Enter, or press ? or * to list all spells.
You don't know that spell.
Casting: Sting (safe; 4% risk of failure)
Confirm with . or Enter, or press ? or * to list all spells.
Aiming: Poisonous Vapours (safe; 11% risk of failure)
Press: ? - help, Dir - move target, f - orc priest
Aim: an orc priest, wielding a +0 club and wearing a +0 leather armour (wandering, hasn't noticed you) Poisonous vapours surround the orc priest!
The orc priest is poisoned.
The orc priest shouts!
An orc comes into view. It is wielding a +0 whip.
Casting: Poisonous Vapours (safe; 11% risk of failure)
Confirm with . or Enter, or press ? or * to list all spells.
You don't have enough magic to cast this spell.
The orc wizard casts a spell at you. The puff of flame hits you!
* * * LOW HITPOINT WARNING * * *
You are too injured to fight recklessly!
Casting: Poisonous Vapours (safe; 11% risk of failure)
Confirm with . or Enter, or press ? or * to list all spells.
Aiming: Sting (safe; 4% risk of failure)
Press: ? - help, Shift-Dir - straight line, f - orc wizard, p - orc priest
Aim: an orc wizard, wielding a +0 dagger and wearing a +0 robe (64% to hit)
The sting hits the orc wizard.
The orc wizard is poisoned.
The orc wizard is moderately wounded.
You closely miss the orc wizard.
The orc wizard is moderately wounded.
The orc wizard hits you with a +0 dagger.
* * * LOW HITPOINT WARNING * * *
The orc priest mumbles some strange prayers to Beogh against you.
Beogh smites you!
Ouch! That really hurt!
You die...

#......####..8_.........###
#....).#..).._.............
#......#.#.........####.###
###'#..#.#..).####..###)###
#)#.##.#..### ##..#.....
########.#.##)#..########...#.#.
#......#)#.##.#.##..≈..###..#.#.
#......#.#.##.#.#.......#...#.#.
#......#.#....#@#.......#.....#.
#......#.### #o#.......#...#...
#......#.# #oo.oo.##.......#.
#......#.# #o####.##....####.
##......#.# #o# #.####### #.
..........# ... #.# #####.
##......### ./... #.# #.....
##.....## #......#o# #.....
...###.# ##$..∩.#'# #.....


You could see 2 orc priests, an orc wizard (poisoned) and 2 orcs.

Vanquished Creatures
  A hound (D:3)
  An orc wizard (D:3)
  An adder (D:3)
  3 worms
  A dart slug (D:1)
  2 orcs (D:3)
  3 bats
  3 endoplasms
  3 giant cockroaches
  7 goblins
  4 hobgoblins
  4 jackals
  4 kobolds
  2 quokkas (D:1)
  3 ball pythons
  A frilled lizard (D:1)
  4 rats
47 creatures vanquished.

Notes
Turn   | Place    | Note
-------+----------+-------------------------------------------
     0 | D:1      | gelatine the Demonspawn Venom Mage began the quest for the
                  | Orb.
     0 | D:1      | Reached XP level 1. HP: 13/13 MP: 3/3
   352 | D:1      | Reached skill level 1 in Transmutations
   352 | D:1      | Gained mutation: You may rarely emit foul miasma when
                  | damaged in melee. [demonic ancestry]
   352 | D:1      | Reached XP level 2. HP: 19/19 MP: 0/5
   604 | D:1      | Found a faded altar of an unknown god.
  1369 | D:2      | Gained mutation: You have sharp fingernails. [demonic
                  | ancestry]
  1369 | D:2      | Reached XP level 3. HP: 24/24 MP: 1/6
  1448 | D:2      | Found a sparkling altar of Nemelex Xobeh.
  2293 | D:3      | Gained mutation: You have very sharp fingernails. [demonic
                  | ancestry]
  2293 | D:3      | Reached XP level 4. HP: 21/30 MP: 1/8
  2408 | D:3      | Found a hide-covered altar of Uskayaw.
  2410 | D:3      | Found a blossoming altar of Fedhas.
  2411 | D:3      | Found a broken altar of Ashenzari.
  2850 | D:3      | Found Xerhoces's General Store.
  2855 | D:3      | Learned a level 2 spell: Poisonous Vapours
  2900 | D:3      | Killed from afar by an orc priest

Illustrated notes

Levels and vault maps discovered:
D:1:      erik_arrival_triangle_small, layout_basic,
          chequers_ecumenical_altar_twisty
D:2:      layout_loops_ring, basic_altar, hangedman_decor_growths
D:3:      layout_basic, chequers_temple_overflow_statue_of_worship,
          serial_shops, shop, kennysheep_nub, serial_bayou_pond_e,
          kennysheep_generic_room_12

Skill      XL: |  1  2  3 |
---------------+----------+-----
Transmutations | 1 |  1.8
Dodging        | 2 |  2.0
Stealth        | 2 |  2.2
Spellcasting   | 3 |  3.4
Poison Magic   | |  3.7

Action                   |  1- 3 |  4- 6 || total
-------------------------+-------+-------++-------
Melee: Dagger            |     6 |       ||     6
       Unarmed           |       |    16 ||    16
 Cast: Sting             |    66 |    33 ||    99
       Poisonous Vapours |       |     1 ||     1
Armor: Robe              |     6 |     2 ||     8
Dodge: Dodged            |    14 |    12 ||    26
